AoeStats
← THE RULER

Black Forest

507919559Analyzed
4v4 RM · 11d ago on Sep 20, 2026· 44m 38s· 8 players
Game mode
Random Map
Map size
Large (8 player)
Population
200
Speed
Normal
Resources
Standard
Victory
Conquest
Starting age
Dark Age
Ending age
Imperial Age
RankedLock teamsTeams togetherTeam positionsShared explorationLock speedFull tech treeHidden civsTurbo modeCheats
Victory
Defeat
🇵🇰 Maya · Pakistan
1631
+16
🇵🇰 Magyars · Pakistan
1573
+19
🇵🇰 Turks · Pakistan
1562
+19
🇵🇰 Mongols · Pakistan
1555
+20
🇨🇱 Spanish · Chile
1775
-25
🇲🇽 Wei · Mexico
1605
-17
🇲🇽 Italians · Mexico
1602
-17
🇲🇽 Japanese · Mexico
1561
-15
Ice Man
0:58 Loom
13:02 Feudal Age
16:51 Castle Age
15:01 Double-Bit Axe
15:23 Horse Collar
23:45 Wheelbarrow
25:40 Heavy Plow
25:55 Bow Saw
26:58 Gold Mining
26:59 Stone Mining
27:55 Hand Cart
32:22 Imperial Age
30:38 Bloodlines
30:29 Husbandry
30:48 Scale Barding Armor
31:12 Fletching
32:23 Cavalier
34:08 Two-Man Saw
33:39 Chain Barding Armor
34:52 Conscription
35:01 Chain Barding Armor
34:38 Bodkin Arrow
34:53 Onager
36:23 Plate Barding Armor
36:13 Caravan
35:58 Paladin
40:58 Coinage
41:05 Coinage
44:34 Banking
Irtaza Darinda
11:08 Feudal Age
12:14 Double-Bit Axe
12:22 Horse Collar
14:44 Castle Age
16:01 Bow Saw
15:41 Loom
25:17 Gold Mining
25:17 Stone Mining
26:55 Wheelbarrow
31:35 Imperial Age
30:16 Fletching
30:27 Padded Archer Armor
30:43 Thumb Ring
29:59 Crossbowman
30:41 Husbandry
30:51 Bloodlines
31:06 Bodkin Arrow
31:43 Heavy Plow
33:26 Chemistry
32:51 Ballistics
33:06 Bracer
34:32 Siege Engineers
34:43 Leather Archer Armor
34:53 Conscription
35:22 Elite Mangudai
36:31 Masonry
37:19 Parthian Tactics
36:17 Elite Mangudai
38:35 Hoardings
40:21 Coinage
43:01 Banking
THE RULER
0:27 Loom
11:12 Feudal Age
13:23 Fletching
14:30 Double-Bit Axe
16:49 Horse Collar
22:51 Castle Age
21:17 Stone Mining
24:28 Bow Saw
24:27 Gold Mining
26:10 Bodkin Arrow
29:33 Wheelbarrow
32:41 Hand Cart
36:28 Imperial Age
34:24 Town Watch
35:03 Ballistics
35:20 Stone Shaft Mining
36:00 Thumb Ring
35:58 Padded Archer Armor
36:10 Masonry
36:33 Elite Plumed Archer
37:34 Conscription
37:57 Bracer
39:05 Chemistry
39:46 Leather Archer Armor
39:39 Caravan
40:47 Hoardings
40:45 Architecture
41:06 Heavy Plow
42:07 Two-Man Saw
43:01 Fortified Wall
[666]_Dark
0:54 Loom
12:46 Feudal Age
12:50 Feudal Age
17:54 Castle Age
25:43 Padded Archer Armor
28:12 Leather Archer Armor
30:12 Double-Bit Axe
33:59 Imperial Age
VL La Parca (Red Paladin)
11:45 Feudal Age
15:50 Castle Age
13:34 Horse Collar
15:10 Double-Bit Axe
15:45 Gold Mining
18:06 Scale Barding Armor
18:20 Loom
24:27 Wheelbarrow
26:42 Bloodlines
26:32 Husbandry
28:36 Hand Cart
28:47 Bow Saw
30:38 Heavy Plow
33:16 Imperial Age
30:36 Town Watch
31:29 Gold Shaft Mining
30:47 Stone Mining
31:14 Husbandry
31:27 Masonry
31:00 Treadmill Crane
31:45 Forging
32:22 Chain Barding Armor
32:43 Stone Shaft Mining
33:52 Iron Casting
33:24 Fletching
33:30 Murder Holes
33:57 Ballistics
33:20 Heavy Hei Guang Cavalry
34:06 Town Patrol
34:10 Caravan
34:14 Squires
34:11 Bodkin Arrow
35:04 Crop Rotation
34:43 Thumb Ring
35:09 Conscription
36:06 Blast Furnace
35:22 Fortified Wall
35:37 Tuntian
36:13 Hoardings
35:40 Bracer
36:56 Padded Archer Armor
36:44 Elite Tiger Cavalry
38:28 Chemistry
37:01 Light Cavalry
37:19 Heavy Scorpion
39:33 Parthian Tactics
41:54 Ming Guang Armor
42:26 Elite Skirmisher
VL Le_Manch
0:27 Loom
11:55 Feudal Age
15:57 Castle Age
14:00 Double-Bit Axe
13:58 Horse Collar
14:19 Fletching
17:45 Bodkin Arrow
21:41 Crossbowman
25:20 Wheelbarrow
30:22 Imperial Age
30:33 Bow Saw
31:19 Bracer
32:38 Chemistry
32:39 Arbalester
34:44 Masonry
38:02 Thumb Ring
38:55 Padded Archer Armor
39:15 Hand Cart
40:21 Leather Archer Armor
40:32 Ballistics
41:43 Two-Man Saw
43:31 Fortified Wall
44:02 Architecture
VL GaaRa__
6:44 Loom
9:31 Feudal Age
9:34 Man-at-Arms
10:14 Arson
11:16 Double-Bit Axe
15:32 Wheelbarrow
15:05 Fletching
20:09 Padded Archer Armor
25:35 Castle Age
25:05 Gold Mining
25:05 Stone Mining
26:16 Crossbowman
27:42 Bow Saw
27:31 Long Swordsman
27:56 Gambesons
32:02 Bodkin Arrow
33:07 Town Watch
38:28 Imperial Age
36:13 Hand Cart
36:41 Thumb Ring
37:10 Squires
37:05 Horse Collar
37:22 Elite Skirmisher
38:19 Leather Archer Armor
38:32 Capped Ram
39:17 Bracer
39:29 Forging
40:48 Two-Man Saw
39:55 Two-Handed Swordsman
40:38 Scale Mail Armor
41:09 Ring Archer Armor
41:34 Pikeman
42:58 Chain Mail Armor
43:19 Iron Casting
43:09 Arbalester
43:44 Halberdier
VL LocoBayas
2:51 Loom
11:29 Feudal Age
15:24 Castle Age
13:45 Double-Bit Axe
13:43 Horse Collar
14:09 Gold Mining
14:12 Stone Mining
16:20 Bow Saw
23:49 Wheelbarrow
23:41 Heavy Plow
28:19 Gold Mining
29:49 Hand Cart
30:45 Stone Shaft Mining
35:35 Imperial Age
33:08 Scale Mail Armor
33:18 Squires
33:04 Arson
34:09 Chain Mail Armor
34:06 Forging
36:42 Iron Casting
36:59 Plate Mail Armor
37:47 Plate Mail Armor
38:21 Chemistry
39:08 Pikeman
41:06 Blast Furnace
39:51 Cavalier
40:32 Husbandry
40:42 Bloodlines
40:39 Scale Barding Armor
40:28 Light Cavalry
41:14 Halberdier
42:52 Coinage
42:58 Hussar
43:19 Paladin
Connection lost

Rejoining the realm…

Still unreachable

The connection could not be restored.

Session expired

The server has moved on; the page needs a fresh start.